Map: Dusk Towers

Players

ILLBdA - Winner!

  • Race: Protoss Protoss
  • League: Diamond

카라예프

  • Race: Zerg Zerg
  • League: Diamond

VOD

Have the link to the VOD?

Description

Time

  • Played on: Dec. 14, 2015, 7:40 a.m.
  • Length: 5:11
Show
View Real Time Build Order
Export as new Build Order

ILLBdA Protoss - Winner!

Build Orders:  

Get SALT Encoding   

  12  0:01  Probe (Chrono Boost)  
  13  0:11  Probe (Chrono Boost)  
  14  0:22  Probe (Chrono Boost)  
  15  0:41  Pylon  
  15  0:59  Gateway  
  15  1:00  Gateway  
  15  1:03  Gateway  
  15  1:08  Gateway  
  15  1:19  Pylon  
  15  1:50  Zealot (Chrono Boost)  
  15  1:51  Zealot (Chrono Boost)  
  15  1:54  Zealot (Chrono Boost)  
  21  1:56  Zealot (Chrono Boost)  
  21  2:00  Probe  
  24  2:09  Pylon  
  24  2:12  Probe  
  29  2:18  Zealot (Chrono Boost)  
  29  2:19  Zealot (Chrono Boost)  
  29  2:22  Zealot (Chrono Boost)  
  31  2:35  Zealot (Chrono Boost)  
  37  2:45  Zealot (Chrono Boost)  
  37  2:47  Zealot (Chrono Boost)  
  37  2:48  Zealot (Chrono Boost)  
  39  3:11  Zealot (Chrono Boost)  
  39  3:12  Zealot (Chrono Boost)  
  39  3:20  Zealot (Chrono Boost)  
  39  3:21  Zealot (Chrono Boost)  
  35  3:38  Zealot (Chrono Boost)  
  35  3:40  Zealot (Chrono Boost)  
  35  3:45  Zealot (Chrono Boost)  
  35  3:47  Zealot (Chrono Boost)  
  39  3:53  Pylon  
  35  4:07  Zealot (Chrono Boost)  
  35  4:08  Zealot (Chrono Boost)  
  36  4:14  Zealot (Chrono Boost)  
  38  4:33  Zealot (Chrono Boost)  
  38  4:34  Zealot (Chrono Boost)  
  38  4:43  Zealot (Chrono Boost)  
  38  5:01  Pylon  
Show
View Real Time Build Order
Export as new Build Order

카라예프 Zerg 

Build Orders: Hatch First 

Get SALT Encoding   

  12  0:02  Drone  
  13  0:08  Drone  
  14  0:17  Overlord  
  14  0:35  Drone  
  14  0:36  Drone x2  
  17  0:52  Hatchery  
  17  0:55  Drone  
  17  0:57  Extractor  
  17  1:00  Drone  
  17  1:15  Spawning Pool  
  17  1:17  Drone  
  17  1:21  Drone  
  18  1:30  Drone  
  19  1:41  Overlord  
  19  2:04  Queen x2  
  19  2:05  Zergling x4  
  19  2:07  Zergling x2  
  26  2:13  Drone  
  27  2:16  Drone  
  28  2:23  Drone  
  28  2:27  Drone  
  30  2:33  Zergling x2  
  31  2:40  Zergling x2  
  32  2:47  Zergling x4  
  30  3:04  Zergling x4  
  31  3:07  Zergling x2  
  31  3:10  Zergling x2  
  31  3:17  Zergling x2  
  19  4:10  Spawning Pool  
Tags
 
Matchup
PvZ
Replay Pack
me
Add a new tag
Caveats
  • Supply blocks, unpowered buildings, or Contaminate may cause inaccurate times.
  • Supply counts are checked every 10 seconds.